AoeStats
← GAX | Urubu

Arena

507193724Analyzed
3v3 RM · 16d ago on Sep 17, 2026· 43m 49s· 6 players
Game mode
Random Map
Map size
Normal (6 player)
Population
200
Speed
Normal
Resources
Standard
Victory
Conquest
Starting age
Dark Age
Ending age
Imperial Age
RankedLock teamsTeams togetherTeam positionsShared explorationLock speedFull tech treeHidden civsTurbo modeCheats
Victory
Defeat
🇧🇷 Gurjaras · Brazil
1685
+6
🇧🇷 Muisca · Brazil
1598
+9
🇧🇷 Aztecs · Brazil
1340
+18
🇲🇽 Cumans · Mexico
1442
-12
🇦🇷 Portuguese · Argentina
1438
-11
🇲🇽 Britons · Mexico
1402
-10
GAX | toooasty
11:23 Feudal Age
11:26 Feudal Age
15:36 Castle Age
13:48 Double-Bit Axe
14:33 Gold Mining
16:10 Loom
17:02 Wheelbarrow
16:53 Bow Saw
18:43 Sanctity
20:09 Devotion
20:23 Fervor
25:55 Imperial Age
24:09 Redemption
24:22 Town Watch
24:47 Atonement
27:23 Block Printing
28:27 Theocracy
35:52 Illumination
38:49 Conscription
39:24 Illumination
40:20 Devotion
43:09 Hand Cart
GAX | Urubu
10:28 Feudal Age
9:43 Loom
14:07 Castle Age
11:55 Double-Bit Axe
12:02 Gold Mining
12:15 Horse Collar
15:54 Wheelbarrow
16:06 Sanctity
16:31 Scale Mail Armor
19:35 Redemption
23:14 Stone Mining
26:25 Fletching
26:35 Padded Archer Armor
27:48 Bow Saw
27:39 Heavy Plow
28:20 Leather Archer Armor
28:03 Bodkin Arrow
32:34 Imperial Age
31:20 Leather Archer Armor
32:38 Chain Mail Armor
32:33 Forging
32:25 Squires
31:46 Champi Runner
33:47 Conscription
33:20 Champi Warrior
34:33 Bracer
35:55 Ballistics
37:40 Plate Mail Armor
37:46 Iron Casting
39:15 Chemistry
38:26 Masonry
38:27 Elite Temple Guard
39:59 Elite Guecha Warrior
41:31 Coinage
GAX | Tyrav
10:10 Feudal Age
11:38 Double-Bit Axe
13:58 Castle Age
12:05 Loom
12:43 Horse Collar
23:28 Bow Saw
23:56 Wheelbarrow
23:46 Heavy Plow
30:32 Imperial Age
28:18 Hand Cart
27:49 Town Watch
28:14 Gold Mining
28:45 Scale Barding Armor
28:50 Forging
29:45 Stone Mining
30:31 Gold Shaft Mining
30:30 Chain Barding Armor
30:25 Bloodlines
30:16 Husbandry
30:31 Kshatriyas
31:34 Frontier Guards
30:57 Heavy Camel Rider
33:09 Plate Barding Armor
32:56 Elite Shrivamsha Rider
34:58 Iron Casting
34:49 Conscription
35:34 Town Patrol
40:12 Crop Rotation
43:36 Stone Shaft Mining
EXILE | TimberLoroa
10:20 Feudal Age
14:25 Castle Age
12:52 Double-Bit Axe
14:15 Horse Collar
15:12 Heavy Plow
23:06 Devotion
23:51 Bow Saw
23:56 Fletching
25:00 Crossbowman
27:02 Ballistics
29:25 Padded Archer Armor
29:21 Bodkin Arrow
32:11 Loom
32:34 Scale Barding Armor
32:39 Forging
32:37 Light Cavalry
33:35 Bloodlines
EXILE | Polag3K
8:48 Feudal Age
9:49 Double-Bit Axe
10:29 Horse Collar
11:58 Wheelbarrow
18:07 Loom
20:35 Castle Age
20:08 Scale Barding Armor
20:30 Bloodlines
20:55 Forging
21:42 Chain Barding Armor
24:46 Iron Casting
26:00 Bow Saw
39:31 Imperial Age
39:32 Cavalier
40:51 Plate Barding Armor
41:17 Blast Furnace
41:31 Hand Cart
41:09 Fletching
42:16 Conscription
EXILE | Mancoazteca
10:30 Feudal Age
14:34 Castle Age
14:48 Loom
14:50 Town Watch
20:40 Fletching
20:51 Horse Collar
21:47 Bodkin Arrow
23:59 Double-Bit Axe
31:05 Imperial Age
29:16 Bow Saw
29:51 Ballistics
30:02 Gold Mining
31:29 Padded Archer Armor
32:12 Conscription
32:56 Chemistry
32:58 Gold Shaft Mining
32:57 Town Patrol
33:02 Bracer
34:10 Leather Archer Armor
37:05 Yeomen
39:16 Squires
38:37 Pikeman
39:36 Scale Mail Armor
39:47 Forging
39:26 Halberdier
40:37 Chain Mail Armor
Connection lost

Rejoining the realm…

Still unreachable

The connection could not be restored.

Session expired

The server has moved on; the page needs a fresh start.